 Dungeon Crawl Stone Soup version 0.30.1-11-g7821555f0a (webtiles) character file.

Game seed: 864764497943827706

22866 Wiggles the Severer (level 12, -3/112 HPs)
             Began as a Minotaur Berserker on Nov 10, 2023.
             Was a High Priest of Trog.
             Slain by a komodo dragon (11 damage)
             ... on level 3 of the Lair of Beasts.
             The game lasted 00:18:28 (11868 turns).

Wiggles the Severer (Minotaur Berserker)           Turns: 11868, Time: 00:18:29

Health: -3/112     AC: 23    Str: 26    XL:     12   Next: 66%
Magic:  2/2        EV:  9    Int:  4    God:    Trog [*****.]
Gold:   897        SH:  0    Dex: 14    Spells: 11/11 levels left

rFire   . . .        t - +4 executioner's axe of Eternal War {flame, rN+ MP-9 Dex+3}
rCold   . . .        (shield currently unavailable)
rNeg    + + .        v - +4 plate armour of Ihuxoni {rN+}
rPois   .            (helmet restricted)
rElec   .            f - +2 cloak
rCorr   .            (no gloves)
SInv    .            (no boots)
Will    .....        u - amulet of faith Stlth
                     (no ring)
HPRegen 0.38/turn    (no ring)
MPRegen 0.08/turn

%: faith
@: on berserk cooldown, slowed, very slow
A: horns 2, retaliatory headbutt
a: Renounce Religion, Berserk, Trog's Hand, Brothers in Arms


You were on level 3 of the Lair of Beasts.
You worshipped Trog.
Trog was extremely pleased with you.
You visited 2 branches of the dungeon, and saw 13 of its levels.
You also visited: Sewer.

You collected 897 gold pieces.

Inventory:

Hand Weapons
 t - the +4 executioner's axe of Eternal War (weapon) {flame, rN+ MP-9 Dex+3}
   (Trog gifted it to you on level 10 of the Dungeon)

   Dex:       It affects your dexterity (+3).
   rN:        It protects you from negative energy.
   MP:        It affects your magic capacity (-9).
 D - a +3 battleaxe
Missiles
 i - 2 throwing nets (quivered)
Armour
 f - a +2 cloak (worn)
 v - the +4 plate armour of Ihuxoni (worn) {rN+}
   (You found it on level 4 of the Dungeon)

   rN:        It protects you from negative energy.
Jewellery
 h - a ring of magical power
 k - the amulet of Vitality {RegenMP++ Regen++}
   (You found it on level 8 of the Dungeon)

   [amulet of magic regeneration]

   It increases your rate of magic regeneration.
   Regen:     It increases your rate of health regeneration.
 p - a ring of magical power
 u - an amulet of faith (around neck)
 y - a ring of fire
 B - a +6 ring of intelligence
 E - a ring of fire
 I - an amulet of guardian spirit
 J - a ring of protection from cold
Wands
 j - a wand of iceblast (31)
 l - a wand of paralysis (27)
 z - a wand of polymorph (13)
 H - a wand of digging (1)
Scrolls
 a - a scroll of blinking
 b - 2 scrolls of fog
 c - 10 scrolls of teleportation
 d - 3 scrolls of poison
 e - 4 scrolls of identify
 o - 4 scrolls of immolation
 F - a scroll of fear
Potions
 g - 2 potions of attraction
 m - 9 potions of curing
 n - 4 potions of flight
 q - 3 potions of lignification
 r - 2 potions of brilliance
 s - 2 potions of haste
 w - a potion of berserk rage
 x - a potion of might
 A - 2 potions of mutation
 C - 2 potions of heal wounds
 G - a potion of degeneration
 K - a potion of invisibility {unknown}


   Skills:
 + Level 12.0 Fighting
 + Level 18.5 Axes
 + Level 13.0 Armour
 + Level 4.0 Dodging
 + Level 1.1 Stealth


You had 11 spell levels left.
You didn't know any spells.
Your spell library was empty.

Dungeon Overview and Level Annotations

Branches:
Dungeon (10/15)            Temple (0/1) D:6            Lair (3/5) D:8
 Shoals (0/4) Lair:2        Snake (0/4) Lair:3          Orc (0/2) D:10
  Sewer (visited)

Altars:
Sif Muna

Shops:
D:3 !


Innate Abilities, Weirdness & Mutations

You have a pair of horns on your head.
You reflexively headbutt those who attack you in melee.


Message History

The death yak gores you.
You barely miss the death yak.
The death yak is almost dead.
You slash the death yak! You burn the death yak.
The death yak closely misses you. You furiously retaliate!
You headbutt the death yak!
You kill the death yak!
Trog accepts your kill.
The death yak gores you but does no damage.
Your Armour skill increases to level 13!
Your Dodging skill increases to level 4!
You closely miss the komodo dragon. You hit the death yak.
You burn the death yak. The death yak gores you.
The komodo dragon bites you but does no damage.
The death yak barely misses you.
You closely miss the komodo dragon. You slash the death yak!
You burn the death yak.
The komodo dragon bites you but does no damage.
The death yak snorts and paws the ground.
The death yak gores you!
* * * LOW HITPOINT WARNING * * *
The komodo dragon bites you but does no damage.
The death yak barely misses you.
The komodo dragon bites you but does no damage.
The death yak gores you!!
* * * LOW HITPOINT WARNING * * *
You barely miss the death yak.
You headbutt the death yak, but do no damage.
The death yak is severely wounded.
You slash the komodo dragon! You burn the komodo dragon.
The komodo dragon bites you but does no damage.
The death yak barely misses you. You furiously retaliate!
You headbutt the death yak. You slash the death yak! You burn the death yak.
The death yak is almost dead.
You hit the komodo dragon. You burn the komodo dragon.
The komodo dragon barely misses you. The death yak gores you.
* * * LOW HITPOINT WARNING * * *
The komodo dragon bites you!
You die...

....†...))#.....#.....(....>.....
..###...###....#....... .
#.......#...............
#.......#........... ...
..........................
......>..........##.......
.................####/....
#.#.......#.......#..#....
###.......#.....@Y........
###...###......l........ #P..
...#.............
###.###.##............ ##
###.......... #......?...
##....<.... P......... #.........


You could see a death yak and a komodo dragon.

Vanquished Creatures
  A hydra (Lair:2)
  3 two-headed ogres
  4 death yaks (Lair:3)
  A skyshark (Lair:3)
  A guardian serpent (shapeshifter) (D:8)
  9 elephants
  2 water nymphs (Lair:2)
  2 gargoyles (D:10)
  3 cane toads
  A rime drake (Lair:1)
  2 komodo dragons (Lair:1)
  A troll (D:10)
  A polar bear (Lair:1)
  A hornet (D:9)
  A shadow (D:10)
  2 wyverns
  26 yaks
  2 basilisks (Lair:3)
  2 unseen horror simulacra (D:9)
  2 steam dragons
  Menkaure (D:6)
  4 nagas (Lair:3)
  6 water moccasins
  4 ice beasts
  5 orc warriors
  4 ogres
  6 wolves (D:9)
  A centaur (D:7)
  2 phantoms
  A gnoll sergeant (D:7)
  11 bullfrogs
  2 kobold brigands
  15 wights
  An electric eel (D:7)
  4 lava snakes (D:9)
  A hound (D:4)
  4 jellies
  2 gnoll boudas
  Crazy Yiuf (D:7)
  5 orc priests
  2 iguanas
  3 sleepcaps
  Ijyb (D:3)
  11 orc wizards
  12 gnolls
  8 adders
  4 white imps (D:9)
  4 ufetubi
  A worm (D:3)
  2 dart slugs
  39 orcs
  3 ball pythons
  11 bats
  7 endoplasms
  A giant cockroach (D:3)
  11 goblins
  17 hobgoblins
  7 jackals
  16 kobolds
  A quokka (D:5)
  3 frilled lizards (D:2)
  6 rats
317 creatures vanquished.

Vanquished Creatures (others)
  An orc wizard (D:7)
1 creature vanquished.

Grand Total: 318 creatures vanquished

Notes
Turn   | Place    | Note
-------+----------+-------------------------------------------
     0 | D:1      | Wiggles the Minotaur Berserker began the quest for the Orb.
     0 | D:1      | Reached XP level 1. HP: 19/19 MP: 0/0
    35 | D:1      | Reached XP level 2. HP: 15/27 MP: 1/1
    38 | D:1      | Reached skill level 4 in Axes
   543 | D:2      | Reached XP level 3. HP: 33/33 MP: 2/2
   632 | D:2      | Reached ** piety under Trog
   724 | D:2      | Reached XP level 4. HP: 41/41 MP: 3/3
  1173 | D:3      | Reached skill level 5 in Axes
  1213 | D:3      | Found Izxoise's Distillery.
  1378 | D:3      | Noticed Ijyb
  1390 | D:3      | Killed Ijyb
  1512 | D:3      | Identified the +1 robe of Dice, Bag, and Bottle {rF- rC++}
  1536 | D:3      | Found a glowing drain.
  1570 | Sewer    | Entered a sewer
  1626 | Sewer    | Noticed a kobold brigand
  1640 | Sewer    | Killed a kobold brigand
  1641 | Sewer    | Reached XP level 5. HP: 47/47 MP: 4/4
  1675 | Sewer    | Found a white marble altar of Elyvilon.
  1842 | D:3      | Reached *** piety under Trog
  2002 | D:4      | Identified the +4 plate armour of Ihuxoni {rN+}
  2049 | D:4      | Reached skill level 6 in Axes
  2100 | D:4      | Noticed a phantom
  2117 | D:4      | Killed a phantom
  2118 | D:4      | Reached XP level 6. HP: 29/55 MP: 5/5
  2377 | D:4      | Reached skill level 5 in Fighting
  2596 | D:5      | Entered Level 5 of the Dungeon
  2636 | D:5      | Reached skill level 7 in Axes
  2661 | D:5      | Reached XP level 7. HP: 16/61 MP: 6/6
  3002 | D:5      | Reached skill level 5 in Armour
  3346 | D:5      | Reached skill level 8 in Axes
  3497 | D:5      | Reached XP level 8. HP: 51/69 MP: 7/7
  3819 | D:6      | Noticed Menkaure
  3825 | D:6      | Killed Menkaure
  3826 | D:6      | Reached skill level 9 in Axes
  3927 | D:6      | Found a staircase to the Ecumenical Temple.
  4003 | D:6      | Reached skill level 10 in Axes
  4700 | D:7      | Reached **** piety under Trog
  4717 | D:7      | Reached skill level 11 in Axes
  4717 | D:7      | Reached XP level 9. HP: 43/78 MP: 8/8
  5432 | D:7      | HP: 3/80 [orc wizard/puff of flame (11)]
  5635 | D:7      | Reached skill level 12 in Axes
  5950 | D:7      | Found a runed translucent door.
  5951 | D:7      | Noticed Crazy Yiuf
  5957 | D:7      | Killed Crazy Yiuf
  6252 | D:8      | Found a staircase to the Lair.
  6276 | D:8      | Found the amulet of Vitality {RegenMP++ Regen++}
  6560 | D:8      | Found a shimmering blue altar of Sif Muna.
  6569 | D:8      | Noticed a guardian serpent
  6579 | D:8      | Killed a guardian serpent
  6580 | D:8      | Reached XP level 10. HP: 88/90 MP: 9/9
  6936 | D:9      | Reached ***** piety under Trog
  6937 | D:9      | Reached skill level 13 in Axes
  7229 | D:9      | Noticed a two-headed ogre
  7237 | D:9      | Killed a two-headed ogre
  7289 | D:9      | Reached skill level 10 in Armour
  7296 | D:9      | Reached skill level 14 in Axes
  7844 | D:9      | Reached XP level 11. HP: 60/99 MP: 10/10
  7994 | D:9      | Reached skill level 10 in Fighting
  8648 | D:10     | Entered Level 10 of the Dungeon
  8660 | D:10     | Identified the +4 executioner's axe of Eternal War {flame,
                  | rN+ MP-9 Dex+3} (Trog gifted it to you on level 10 of the
                  | Dungeon)
  8660 | D:10     | Received a gift from Trog
  8661 | D:10     | Reached skill level 15 in Axes
  8892 | D:10     | Noticed a two-headed ogre
  8898 | D:10     | Killed a two-headed ogre
  9061 | D:10     | Found a staircase to the Orcish Mines.
  9505 | D:10     | Reached skill level 16 in Axes
  9689 | D:10     | Noticed a two-headed ogre
  9691 | D:10     | Killed a two-headed ogre
  9923 | Lair:1   | Entered Level 1 of the Lair of Beasts
 10288 | Lair:1   | Reached skill level 1 in Stealth
 10381 | Lair:1   | Reached skill level 17 in Axes
 10381 | Lair:1   | Reached XP level 12. HP: 99/110 MP: 2/11
 10523 | Lair:1   | Identified the +3 war axe "Bekhlinod" {vamp, rN+ Int+3}
 11128 | Lair:2   | Noticed a six-headed hydra
 11137 | Lair:2   | Killed a two-headed hydra
 11708 | Lair:3   | Found a staircase to the Snake Pit.
 11712 | Lair:3   | Reached skill level 18 in Axes
 11840 | Lair:3   | Noticed a death yak
 11840 | Lair:3   | Noticed a death yak
 11841 | Lair:3   | Noticed a death yak
 11842 | Lair:3   | Noticed a death yak
 11842 | Lair:3   | Noticed a death yak
 11850 | Lair:3   | Killed a death yak
 11855 | Lair:3   | Killed a death yak
 11859 | Lair:3   | Killed a death yak
 11863 | Lair:3   | Killed a death yak
 11868 | Lair:3   | Slain by a komodo dragon

Illustrated notes

Levels and vault maps discovered:
D:1:      nzn_arrival_crosshair, layout_rooms
D:2:      layout_loops_ring
D:3:      cheibrodos_greedy_goblins, layout_basic, cheibrodos_sewer_entry_drain,
          serial_shops, nicolae_shop_crystal, nicolae_titane, uniq_ijyb
D:4:      layout_cave_pools
D:5:      layout_basic, kennysheep_generic_room_5
D:6:      layout_loops_ring, minmay_temple_entry_junction_2, uniq_menkaure
D:7:      layout_cave_pods, minivault_24, minivault_4, uniq_crazy_yiuf_cottage
D:8:      layout_rooms, lemuel_doored_altar, dpeg_oklobed_lair
D:9:      layout_loops_ring, serial_ice, serial_ice_f, serial_ice_m,
          serial_ice_g, serial_ice_i, serial_ice_o, kennysheep_boxes
D:10:     layout_basic, erik_orc_3, hangedman_glass_garden
Lair:1:   layout_big_grid, gauntlet_entry_generic
Lair:2:   layout_loops_ring, nicolae_shoals_entry_flooding
Lair:3:   layout_hall_layers, minmay_snake_entry_guardpost_small,
          kennysheep_basilisk_garden

Skill      XL: |  1  2  3  4  5  6  7  8  9 10 11 12 |
---------------+-------------------------------------+-----
Axes           | 4 5 6 7 8 11 12 14 17 18 | 18.5
Fighting       | 4 5 6 8 9 11 12 | 12.0
Dodging        | 3 4 |  4.0
Armour         | 3 4 5 6 9 10 12 13 | 13.0
Stealth        | 1 |  1.1

Action                     |  1- 3 |  4- 6 |  7- 9 | 10-12 || total
---------------------------+-------+-------+-------+-------++-------
  Melee: Hand axe          |    73 |   119 |       |       ||   192
         Headbutt          |     5 |    21 |    42 |    54 ||   122
         Punch             |     1 |     2 |     1 |       ||     4
         War axe           |       |    43 |    97 |       ||   140
         Battleaxe         |       |       |   158 |   127 ||   285
         Executioner's axe |       |       |       |   170 ||   170
 Invoke: Berserk           |       |     2 |     7 |     2 ||    11
    Use: Scroll            |       |       |    21 |     5 ||    26
         Potion            |       |       |     4 |       ||     4
 Armour: Animal skin       |    27 |       |       |       ||    27
         Ring mail         |    17 |    23 |       |       ||    40
         Chain mail        |       |    13 |       |       ||    13
         Plate armour      |       |    52 |   200 |   282 ||   534
  Dodge: Dodged            |    60 |    90 |    96 |   152 ||   398
